 Dungeon Crawl Stone Soup version 0.23-a0-837-ga3e6480 (webtiles) character file.

1531 Mgcat the Magician (level 8, 0/52 HPs)
             Began as a Mummy Conjurer on Jan 24, 2019.
             Was an Initiate of Gozag.
             Slain by an orc warrior
             ... wielding a cursed -3 war axe
              (18 damage)
             ... on level 6 of the Dungeon.
             The game lasted 00:18:45 (7707 turns).

Mgcat the Magician (Mummy Conjurer)                 Turns: 7707, Time: 00:18:46

Health: 0/52       AC:  7    Str: 11    XL:     8   Next: 55%
Magic:  1/18       EV: 12    Int: 17    God:    Gozag
Gold:   433        SH:  0    Dex: 17    Spells: 13/21 levels left

rFire    x . .     SeeInvis .   o - +4 broad axe "Meorri" {freeze, Dex+5}
rCold    + . .     Gourm    .   (no shield)
rNeg     + + +     Faith    .   j - +0 robe
rPois    ∞         Spirit   .   (no helmet)
rElec    .         Reflect  .   (no cloak)
rCorr    .         Harm     .   n - +0 pair of gloves
MR       ++...                  (no boots)
Stlth    +++.......             (no amulet)
HPRegen  0.17/turn              h - +4 ring of protection
MPRegen  0.16/turn              e - ring of protection from magic {MR+, !d}

@: very slightly contaminated
A: no food or potions, fire vulnerability, cold resistance 1, negative energy
resistance 3, torment resistance, unbreathing
a: Potion Petition, Call Merchant, Bribe Branch, Renounce Religion


You were on level 6 of the Dungeon.
You worshipped Gozag.
Gozag was aware of your devotion.
You were not hungry.

You visited 2 branches of the dungeon, and saw 7 of its levels.

You collected 508 gold pieces.
You spent 19 gold pieces at shops.
You paid 56 gold pieces to Gozag.

Inventory:

Hand Weapons
 a - a +0 blowgun
   (You took it off a kobold on level 3 of the Dungeon)
 b - a +3 whip of electrocution
   (You took it off a kobold on level 1 of the Dungeon)
 o - the +4 broad axe "Meorri" (weapon) {freeze, Dex+5}
   (You found it on level 5 of the Dungeon)

   It has been specially enchanted to freeze those struck by it, causing extra
   injury to most foes and up to half again as much damage against particularly
   susceptible opponents.
   It can also slow down cold-blooded creatures.
   It affects your dexterity (+5).
Missiles
 i - 7 curare-tipped needles
 k - 33 poisoned needles
 p - a throwing net {=f, !d}
Armour
 j - a +0 robe (worn)
 n - a +0 pair of gloves (worn)
   (You found it on level 5 of the Dungeon)
Jewellery
 e - a ring of protection from magic (right hand) {MR+, !d}
   (You found it on level 5 of the Dungeon)
 h - a +4 ring of protection (left hand)
   (You took it off a kobold on level 3 of the Dungeon)
 s - a +3 ring of protection
   (You took it off an orc wizard on level 5 of the Dungeon)
Wands
 d - a wand of flame (7)
   (You took it off Ijyb on level 5 of the Dungeon)
 m - a wand of polymorph (7)
   (You found it on level 4 of the Dungeon)
 q - a wand of acid (6)
   (You took it off an orc priest on level 6 of the Dungeon)
Scrolls
 c - a scroll of enchant weapon
 f - a scroll of remove curse
 g - 8 scrolls of identify
 l - 2 scrolls of teleportation
 r - a scroll of amnesia


   Skills:
 - Level 1.5 Dodging
 - Level 5.0 Stealth
 + Level 7.2 Spellcasting
 + Level 5.7 Conjurations
 + Level 4.2 Hexes


You had 13 spell levels left.
You knew the following spells:

 Your Spells              Type           Power        Failure   Level  Hunger
a - Magic Dart            Conj           ####         1%          1    N/A
b - Dazzling Spray        Conj/Hex       ###...       4%          3    N/A
c - Fulminant Prism       Conj/Hex       ###.......   14%         4    N/A

Your spell library contained the following spells:

 Spells                   Type           Power        Failure   Level  Hunger
 Confusing Touch          Hex            ###...       1%          1    N/A
 Searing Ray              Conj           ####..       1%          2    N/A
 Iskenderun's Mystic Bla  Conj           ####....     11%         4    N/A
 Animate Skeleton         Necr           N/A          12%         1    N/A
 Apportation              Tloc           #.....       12%         1    N/A
 Summon Small Mammal      Summ           #...         12%         1    N/A
 Sticks to Snakes         Tmut           #.......     17%         2    N/A
 Force Lance              Conj/Tloc      ###.....     34%         4    N/A
 Beastly Appendage        Tmut           Unusable     N/A         1    N/A
 Spider Form              Tmut/Pois      Unusable     N/A         3    N/A
 Ice Form                 Ice/Tmut       Unusable     N/A         4    N/A
 Blade Hands              Tmut           Unusable     N/A         5    N/A

Dungeon Overview and Level Annotations

Branches:
Dungeon (6/15)             Temple (1/1) D:5

Altars:
Ashenzari
Dithmenos
Elyvilon
Fedhas
Gozag
Nemelex Xobeh
Okawaru
Sif Muna
Uskayaw
Yredelemnul
Zin
The Shining One

Shops:
D:4 *

Annotations:
D:2 exclusion: Jessica, Jessica, Sigmund, Terence
D:6 Duvessa


Innate Abilities, Weirdness & Mutations

You do not eat or drink.
Your flesh is vulnerable to fire.
You are immune to poison.
Your flesh is cold resistant. (rC+)
You are immune to negative energy. (rN+++)
You are immune to unholy pain and torment.
You can survive without breathing.


Message History

The blast of energy engulfs the orc!
You kill the orc!
You hear an angry hiss.
You hear a shout!
You now have 2/18 mp.
Spoiler Alert: Blork the orc (blind) can cast Haste and go Invisible!
Casting: Magic Dart (safe; 1% risk of failure)
Confirm with . or Enter, or press ? or * to list all spells.
You don't have enough magic to cast that spell.
Lua error: [string "/dgldir/rcfiles/crawl-git/Mgcat.rc"]:926: invalid capture index Unknown command.
Lua error: [string "/dgldir/rcfiles/crawl-git/Mgcat.rc"]:926: invalid capture index
Casting: Magic Dart (safe; 1% risk of failure)
Confirm with . or Enter, or press ? or * to list all spells.
You don't have enough magic to cast that spell.
Spoiler Alert: Blork the orc (blind) can cast Haste and go Invisible!
Casting: Magic Dart (safe; 1% risk of failure)
Confirm with . or Enter, or press ? or * to list all spells.
Aiming: Magic Dart (safe; 1% risk of failure)
Press: ? - help, Shift-Dir - straight line, f/p - Blork the orc
Aim: Blork the orc, wielding a +0 broad axe and wearing a +0 robe (severely wounded, blind, hasn't noticed you)
The magic dart hits Blork the orc.
Blork the orc is almost dead.
You now have 1/18 mp.
Spoiler Alert: Blork the orc (blind) can cast Haste and go Invisible!
Casting: Magic Dart (safe; 1% risk of failure)
Confirm with . or Enter, or press ? or * to list all spells.
Aiming: Magic Dart (safe; 1% risk of failure)
Press: ? - help, Shift-Dir - straight line, f/p - Blork the orc
Aim: Blork the orc, wielding a +0 broad axe and wearing a +0 robe (almost dead, blind, hasn't noticed you)
The magic dart hits Blork the orc.
Blork the orc is almost dead.
Blork the orc sings a few bars from the Orcish anthem.
Blork the orc looks satisfied for a moment.
You now have 0/18 mp.
Spoiler Alert: Blork the orc (blind) can cast Haste and go Invisible!
Blork the orc is no longer blind.
Blork the orc closely misses you.
Spoiler Alert: Blork the orc can cast Haste and go Invisible!
You barely miss Blork the orc.
Blork the orc is almost dead.
Blork the orc hits you with a +0 broad axe!
You take 7 damage, and have 45/52 hp.
You slash Blork the orc! You freeze Blork the orc.
You kill Blork the orc!
You now have 433 gold pieces (gained 11).
Things that are here:
a +0 broad axe; a +0 robe Spoiler Alert: The orc warrior can hit for high damage!
There is a stone staircase leading up here.
You hit the orc warrior. You freeze the orc warrior.
The orc warrior is lightly wounded.
The orc warrior misses you. The orc warrior completely misses you.
You barely miss the orc warrior.
The orc warrior is lightly wounded.
The orc warrior hits you with a cursed -3 war axe.
You take 3 damage, and have 44/52 hp.
Spoiler Alert: The orc warrior can hit for high damage!
Casting: Magic Dart (safe; 1% risk of failure)
Confirm with . or Enter, or press ? or * to list all spells.
You don't have enough magic to cast that spell.
You barely miss the orc warrior.
The orc warrior is lightly wounded.
The orc warrior hits you with a cursed -3 war axe!
You take 11 damage, and have 33/52 hp.
MASSIVE DAMAGE!!
Spoiler Alert: The orc warrior can hit for high damage!
You slash the orc warrior! You freeze the orc warrior.
The orc warrior is severely wounded.
The orc warrior barely misses you. The orc warrior closely misses you.
Casting: Magic Dart (safe; 1% risk of failure)
Confirm with . or Enter, or press ? or * to list all spells.
Aiming: Dazzling Spray (safe; 4% risk of failure)
Press: ? - help, Shift-Dir - straight line, f - orc warrior
Aim: an orc warrior, wielding a -3 war axe and wearing a +0 plate armour (severely wounded)
The spray of energy hits the orc warrior but does no damage.
The orc warrior is severely wounded.
The orc warrior is dazzled.
The orc warrior closely misses you.
You now have 0/18 mp.
Lua error: [string "/dgldir/rcfiles/crawl-git/Mgcat.rc"]:926: invalid capture index You closely miss the orc warrior.
The orc warrior is severely wounded.
The orc warrior barely misses you.
Lua error: [string "/dgldir/rcfiles/crawl-git/Mgcat.rc"]:926: invalid capture index You closely miss the orc warrior.
The orc warrior is severely wounded.
The orc warrior closely misses you.
Spoiler Alert: The orc warrior (blind) can hit for high damage!
You hit the orc warrior. You freeze the orc warrior.
The orc warrior is severely wounded.
The orc warrior barely misses you.
The orc warrior hits you with a cursed -3 war axe!
You take 16 damage, and have 18/52 hp.
MASSIVE DAMAGE!!
Lua error: [string "/dgldir/rcfiles/crawl-git/Mgcat.rc"]:926: invalid capture index You completely miss the orc warrior.
The orc warrior is severely wounded.
The orc warrior is no longer blind.
The orc warrior completely misses you.
Spoiler Alert: The orc warrior can hit for high damage!
You barely miss the orc warrior.
The orc warrior is severely wounded.
The orc warrior hits you with a cursed -3 war axe!!
You die...
Your body crumbles into a pile of gold.

......# #. ......# .. #. .....
.$. .. ....# .... .)###.(.##...
....#.)...... #.#.#)...#
#.#.#...$####. . #.#@..).......
# ###..##.##.#o########.. !.. #.
.....##..........# .....
#%###..#.#####.#.###o#####
...... ......#.# ##.#(###((o(.#
...... # #..#...#
#.....######o###...# #.#..#...#
#..##.## ###(.##...#
#...<....####..##.$###..o......#
#.#....#..#......>......#..#...#


You could see an orc warrior.

Vanquished Creatures
  An orc warrior (D:5)
  An ice beast (D:5)
  2 ogres (D:4)
  2 centaurs (D:6)
  Blork the orc (D:6)
  2 bullfrogs (D:6)
  2 crimson imps (D:5)
  A jelly (D:5)
  4 bullfrog skeletons
  2 hounds
  A gnoll shaman (D:5)
  2 orc priests
  Ijyb (D:5)
  An iguana (D:5)
  3 orc wizards
  3 worker ants
  A worker ant zombie (D:6)
  4 gnolls (D:5)
  5 adders
  3 oozes
  An adder skeleton (D:5)
  3 dart slugs
  3 leopard geckos
  25 orcs
  3 giant cockroaches
  8 goblins
  6 hobgoblins
  18 jackals
  4 quokkas
  2 ball pythons
  3 bats
  6 frilled lizards
  A giant cockroach zombie (D:5)
  10 kobolds
  A quokka skeleton (D:4)
  A quokka zombie (D:5)
  6 rats
  A fulminant prism (D:5)
144 creatures vanquished.

Vanquished Creatures (others)
  18 fulminant prisms
18 creatures vanquished.

Grand Total: 162 creatures vanquished

Notes
Turn   | Place    | Note
-------+----------+-------------------------------------------
     0 | D:1      | Mgcat the Mummy Conjurer began the quest for the Orb.
     0 | D:1      | Reached XP level 1. HP: 13/13 MP: 4/4
   231 | D:1      | Reached skill level 3 in Spellcasting
   271 | D:1      | Reached XP level 2. HP: 19/19 MP: 1/6
   609 | D:1      | Reached skill level 2 in Stealth
   902 | D:2      | Reached XP level 3. HP: 24/24 MP: 2/7
  1019 | D:2      | Learned a level 3 spell: Dazzling Spray
  1217 | D:2      | Noticed Terence
  1530 | D:2      | Noticed Sigmund
  1685 | D:2      | Noticed Jessica
  1857 | D:3      | Reached XP level 4. HP: 30/30 MP: 2/9
  2160 | D:3      | HP: 6/30 [orc/+0 mace (6)]
  2485 | D:3      | Reached skill level 4 in Spellcasting
  2800 | D:3      | Found a blossoming altar of Fedhas.
  3010 | D:3      | Found a white marble altar of Elyvilon.
  3112 | D:3      | Reached skill level 4 in Conjurations
  3292 | D:3      | Reached skill level 3 in Stealth
  3292 | D:3      | Reached XP level 5. HP: 34/35 MP: 1/11
  3419 | D:4      | Learned a level 4 spell: Fulminant Prism
  3444 | D:4      | Found a shadowy altar of Dithmenos.
  3741 | D:4      | Noticed an ogre
  3779 | D:4      | Reached skill level 1 in Hexes
  4078 | D:4      | Reached XP level 6. HP: 23/41 MP: 1/13
  4428 | D:4      | Reached skill level 5 in Spellcasting
  4574 | D:4      | Found Lusaoz's Assorted Antiques.
  4583 | D:4      | Bought a scroll labeled UTWAGE ZUMOO for 19 gold pieces
  4850 | D:4      | Reached skill level 2 in Hexes
  4951 | D:5      | Entered Level 5 of the Dungeon
  4951 | D:5      | Noticed an ice beast
  5035 | D:5      | Found a staircase to the Ecumenical Temple.
  5035 | D:5      | Noticed Ijyb
  5069 | D:5      | Killed Ijyb
  5081 | Temple   | Entered the Ecumenical Temple
  5086 | Temple   | Became a worshipper of Gozag Ym Sagoz the Greedy
  5175 | D:5      | Reached XP level 7. HP: 41/46 MP: 8/15
  5208 | D:5      | HP: 10/46 [hound (3)]
  5211 | Temple   | Reached skill level 4 in Stealth
  5735 | D:5      | Reached skill level 6 in Spellcasting
  5735 | D:5      | Reached skill level 5 in Conjurations
  5988 | D:5      | Reached skill level 3 in Hexes
  6040 | D:5      | Got a smoking broad axe
  6041 | D:5      | Identified the +4 broad axe "Meorri" {freeze, Dex+5} (You
                  | found it on level 5 of the Dungeon)
  6317 | D:5      | Reached XP level 8. HP: 29/52 MP: 1/17
  7016 | D:6      | Noticed Duvessa
  7049 | D:6      | Reached skill level 5 in Stealth
  7061 | D:6      | Reached skill level 7 in Spellcasting
  7317 | D:6      | Reached skill level 4 in Hexes
  7345 | D:6      | Noticed Blork the orc
  7692 | D:6      | Killed Blork the orc
  7707 | D:6      | Slain by an orc warrior

Vault maps used:
D:1:      co_arrival_random_square_maze
D:2:      first_ration, kennysheep_generic_room_4, uniq_jessica, uniq_sigmund,
          uniq_terence
D:3:      overflow_temple_1_default, kennysheep_donut, fedhas_altar_3
D:4:      serial_shops, nicolae_shop_overgrown_old_shop,
          grunt_dithmenos_smoke_and_mirrors
D:5:      minmay_temple_entry_offerings, uniq_ijyb
D:6:      uniq_crazy_yiuf_cottage, uniq_blork_the_orc, uniq_duvessa
Temple:   grunt_wide_crystal_templ

Skill      XL: |  1  2  3  4  5  6  7  8 |
---------------+-------------------------+-----
Spellcasting   | 3 4 5 6 7 |  7.2
Stealth        | 2 3 4 5 |  5.0
Conjurations   | 4 5 |  5.7
Hexes          | 1 2 3 4 |  4.2
Dodging        | |  1.5

Action                   |  1- 3 |  4- 6 |  7- 9 || total
-------------------------+-------+-------+-------++-------
Melee: Whip              |       |    40 |    37 ||    77
       Broad axe         |       |       |    34 ||    34
 Cast: Magic Dart        |    98 |   171 |    64 ||   333
       Dazzling Spray    |       |    14 |    35 ||    49
       Fulminant Prism   |       |     3 |    16 ||    19
  Use: Scroll            |       |     8 |     3 ||    11
 Stab: Invisible         |       |       |     1 ||     1
Armor: Robe              |     4 |    11 |    27 ||    42
Dodge: Dodged            |     7 |    81 |    69 ||   157

Table legend:
 A = Non-vault XP
 B = Vault XP
 C = Vault XP percentage of total XP
 D = Non-vault monster count
 E = Vault monster count
 F = Vault count percentage of total count
                 A         B        C        D         E       F
            +---------+---------+-------+---------+---------+-------
      Total |    2058 |     130 |   5.9 |     141 |       2 |   1.4
            +---------+---------+-------+---------+---------+-------
        D:1 |      28 |       0 |   0.0 |      18 |       0 |   0.0
        D:2 |      75 |       0 |   0.0 |      23 |       0 |   0.0
        D:3 |      97 |       0 |   0.0 |      34 |       0 |   0.0
        D:4 |     494 |       0 |   0.0 |      19 |       0 |   0.0
        D:5 |     806 |      36 |   4.3 |      35 |       1 |   2.8
        D:6 |     516 |      94 |  15.4 |      11 |       1 |   8.3
     Temple |      42 |       0 |   0.0 |       1 |       0 |   0.0
            +---------+---------+-------+---------+---------+-------

Vault maps used:
D:1:      co_arrival_random_square_maze
D:2:      first_ration, kennysheep_generic_room_4, uniq_jessica, uniq_sigmund,
          uniq_terence
D:3:      overflow_temple_1_default, kennysheep_donut, fedhas_altar_3
D:4:      serial_shops, nicolae_shop_overgrown_old_shop,
          grunt_dithmenos_smoke_and_mirrors
D:5:      minmay_temple_entry_offerings, uniq_ijyb
D:6:      uniq_crazy_yiuf_cottage, uniq_blork_the_orc, uniq_duvessa
Temple:   grunt_wide_crystal_templ

Table legend:
 A = Turns spent in this place as a percentage of turns spent in the entire game.
 B = Non-inter-level travel turns spent in this place as a percentage of non-inter-level travel turns spent in the entire game.
 C = Inter-level travel turns spent in this place as a percentage of turns spent in this place.
 D = Turns resting spent in this place as a percentage of non-inter-level travel turns spent in this place.
 E = Turns spent auto-exploring this place as a percentage of non-inter-level travel turns spent in this place.
 F = Non-inter-level travel turns spent in this place divided by the number of levels of this place that you've seen.
                   A       B       C       D       E      F
               +-------+-------+-------+-------+-------+----------------------
         Total | 100.0 | 100.0 |   4.4 |  27.9 |  56.3 | 1052.6
       Dungeon |  94.8 |  94.5 |   4.6 |  24.7 |  58.8 | 1161.0
        Temple |   5.2 |   5.5 |   0.0 |  82.1 |  12.7 | 402.0
               +-------+-------+-------+-------+-------+----------------------

Table legend:
 A = Kills in this place as a percentage of kills in entire the game.
 B = Kills by you in this place as a percentage of kills by you in the entire game.
 C = Kills by friends in this place as a percentage of kills by friends in the entire game.
 D = Other kills in this place as a percentage of other kills in the entire game.
 E = Experience gained in this place as a percentage of experience gained in the entire game.
 F = Experience gained in this place divided by the number of levels of this place that you have seen.
                   A       B       C       D       E      F
               +-------+-------+-------+-------+-------+----------------------
         Total | 100.0 | 100.0 |   N/A |   N/A | 100.0 | 312.6
       Dungeon |  99.3 |  99.3 |   N/A |   N/A |  98.1 | 357.7
        Temple |   0.7 |   0.7 |   N/A |   N/A |   1.9 |  42.0
               +-------+-------+-------+-------+-------+----------------------
